 Dungeon Crawl Stone Soup version 0.30-a0-930-gb9d0489357 (webtiles) character file.

Game seed: 12039612656117467341

37 DeathPants the Cutter (level 3, -1/18 HPs)
             Began as a Vine Stalker Gladiator on Mar 23, 2023.
             Slain by an orc
             ... wielding a +0 whip
              (4 damage)
             ... on level 2 of the Dungeon.
             The game lasted 00:03:48 (715 turns).

DeathPants the Cutter (Vine Stalker Gladiator)       Turns: 715, Time: 00:03:48

Health: -1/18      AC:  4    Str: 16    XL:     3   Next: 41%
Magic:  0/4        EV: 12    Int: 10    God:
Gold:   106        SH:  0    Dex: 15    Spells: 2/2 levels left

rFire   . . .      SeeInvis +    b - +3 dagger
rCold   . . .      Faith    .    (no shield)
rNeg    . . .      Spirit   +    l - +0 leather armour
rPois   .          Reflect  .    c - +0 helmet
rElec   .          Rampage  .    (no cloak)
rCorr   .                        (no gloves)
Will    .....                    (no boots)
Stlth   ++                       h - amulet of magic regeneration
HPRegen 0.23/turn                g - ring of see invisible
MPRegen 0.49/turn                (no ring)

@: no status effects
A: fangs 2, magic shield, antimagic bite, no potion heal 2
a: no special abilities


You were on level 2 of the Dungeon.
You visited 1 branch of the dungeon, and saw 3 of its levels.

You collected 106 gold pieces.

Inventory:

Hand Weapons
 a - a +0 rapier
 b - a +3 dagger (weapon)
Missiles
 d - 2 throwing nets (quivered)
 e - a javelin
Armour
 c - a +0 helmet (worn)
 l - a +0 leather armour (worn)
Jewellery
 g - a ring of see invisible (left hand)
 h - an amulet of magic regeneration (around neck)
Scrolls
 j - 2 scrolls of identify {unknown}
 k - a scroll of fear {unknown}
 m - a scroll of magic mapping {unknown}
Potions
 f - a potion of brilliance {unknown}
 i - 2 potions of flight {unknown}
 n - a potion of curing {unknown}
 o - a potion of invisibility {unknown}


   Skills:
 + Level 2.1 Fighting
 * Level 3.2 Short Blades
 - Level 1.7 Throwing
 + Level 2.7 Dodging
 + Level 1.5 Stealth


You had 2 spell levels left.
You didn't know any spells.
Your spell library contained the following spells:

 Spells                   Type           Power      Damage    Failure   Level
 Beastly Appendage        Tmut           0%         N/A       43%         1
 Wereblood                Tmut           0%         N/A       56%         2
 Spider Form              Tmut/Pois      0%         N/A       80%         3


Dungeon Overview and Level Annotations

Branches:
Dungeon (3/15)

Altars:


Innate Abilities, Weirdness & Mutations

You have extremely sharp teeth.
When hurt, damage is shared between your health and your magic reserves.
Your bite disrupts and absorbs the magic of your enemies.
Potions cannot restore your health.


Message History

o - a metallic coppery potion
Found a stone staircase leading down.
A ball python comes into view.
There is a stone staircase leading down here.
You climb downwards.
Found a stone staircase leading down.
There is a stone staircase leading up here.
An orc and an orc wizard come into view.
The orc wizard is wielding a +0 dagger of venom.
Found a stone staircase leading up.
The orc shouts!
The kobold shouts!
The orc wizard shouts!
The orc shouts!
The orc misses you.
You hit the orc but do no damage. The orc attacks as you move away!
The orc hits you with a +0 whip. The rat barely misses you.
The rat attacks as you move away! The rat completely misses you.
The orc hits you with a +0 whip.
The orc wizard gestures wildly while chanting.
The orc wizard flickers and vanishes for a moment.
The orc attacks as you move away! The orc hits you but does no damage.
There is a stone staircase leading up here.
The orc hits you with a +0 whip. The kobold barely misses you.
The rat closely misses you.
You climb upwards.
There is a stone staircase leading down here.
You completely miss the kobold. You bite the kobold. You drain its power.
The kobold is moderately wounded.
The kobold hits you with a +0 club. The orc hits you with a +0 whip.
You closely miss the kobold.
The kobold is moderately wounded.
The orc hits you with a +0 whip.
* * * LOW HITPOINT WARNING * * *
The kobold misses you.
You hit the orc. You punch the orc, but do no damage. Your bite misses the orc.
The orc is moderately wounded.
The orc hits you with a +0 whip. The kobold closely misses you.
You hit the orc but do no damage.
The orc is moderately wounded.
The orc hits you with a +0 whip.
You die...

############
.........K@# #.#.##.##o#
#### #......##r# ...#
#.........# ...#
#......##.# # ...#
#.........# ≈# ...###
#.#..#....##≈#### .....#
#.#..#†#....~....
<..#.###<#.....#..$~....


You could see an orc, a kobold and a rat.

Vanquished Creatures
  2 dart slugs (D:1)
  3 bats
  2 endoplasms (D:1)
  2 giant cockroaches (D:1)
  A goblin (D:1)
  7 hobgoblins
  4 quokkas
  2 ball pythons
  2 frilled lizards (D:1)
  A kobold (D:1)
  5 rats
31 creatures vanquished.

Notes
Turn   | Place    | Note
-------+----------+-------------------------------------------
     0 | D:1      | DeathPants the Vine Stalker Gladiator began the quest for
                  | the Orb.
     0 | D:1      | Reached XP level 1. HP: 11/11 MP: 2/2
    72 | D:1      | Reached XP level 2. HP: 1/15 MP: 0/3
   198 | D:1      | Reached skill level 3 in Short Blades
   198 | D:1      | Reached skill level 1 in Stealth
   409 | D:1      | Reached XP level 3. HP: 18/18 MP: 4/4
   715 | D:2      | Slain by an orc

Illustrated notes

Levels and vault maps discovered:
D:1:      amcnicky_arrival_blooded_trapdoor, layout_rooms
D:2:      layout_basic, serial_rivers, chequers_serial_rivers_small_a,
          chequers_serial_rivers_micro_a, chequers_serial_rivers_micro_a,
          chequers_serial_rivers_micro_e, serial_shops, shop,
          nicolae_shop_vocational
D:3:      layout_loops_ring, chequers_temple_overflow_statue_of_worship,
          mainiacjoe_overflow_chevrons

Skill      XL: |  1  2 |
---------------+-------+-----
Fighting       | 2 |  2.1
Short Blades   | 3 |  3.2
Stealth        | 1 |  1.5
Throwing       | |  1.7
Dodging        | |  2.7

Action                     || total
---------------------------++-------
  Melee: Rapier            ||    27
         Bite              ||    21
         Punch             ||     3
         Dagger            ||    56
  Throw: Throwing net      ||     2
   Stab: Sleeping          ||     2
 Armour: Leather armour    ||    32
  Dodge: Dodged            ||    70

Table legend: (Time is in decaauts)
 A = Elapsed time spent in this place.
 B = Non-inter-level travel time spent in this place.
 C = Inter-level travel time spent in this place.
 D = Time resting spent in this place.
 E = Time spent auto-exploring this place.
 F = Levels seen in this place.
 G = Mean time per level.
                   A        B        C        D        E       F      G
               +--------+--------+--------+--------+--------+-----+--------+
         Total |    707 |    707 |      0 |      0 |    366 |   3 |  235.7 |
       Dungeon |    707 |    707 |      0 |      0 |    366 |   3 |  235.7 |
               +--------+--------+--------+--------+--------+-----+--------+

Top non-repeatable levels by time:
     D:1: 586 daAuts
     D:2: 113 daAuts
     D:3: 7 daAuts
